 Dungeon Sprint DCSS version 0.24-a0-250-g6074511092 (webtiles) character file.

Game seed: 1263505595418485724

32 Redear the Skirmisher (level 3, -2/45 HPs)
             Began as a Demonspawn Fighter on Apr 15, 2019.
             Drowned by a water elemental (4 damage)
             ... in the Dungeon (Sprint III: "The Ten Rune Challenge").
             The game lasted 00:01:30 (380 turns).

Redear the Skirmisher (Demonspawn Fighter)           Turns: 380, Time: 00:01:30

Health: -2/45      AC:  7    Str: 21    XL:     3   Next: 10%
Magic:  3/3        EV:  9    Int: 11    God:
Gold:   19         SH:  0    Dex: 13    Spells: 2/2 levels left

rFire    . . .     SeeInvis .     - Unarmed
rCold    . . .     Gourm    .   (no shield)
rNeg     . . .     Faith    .   a - +0 scale mail
rPois    .         Spirit   .   (helmet restricted)
rElec    .         Reflect  .   (no cloak)
rCorr    .         Harm     .   (no gloves)
MR       .....     NoTele   +   (no boots)
Stlth    ..........             (no amulet)
HPRegen  0.15/turn              (no ring)
MPRegen  0.08/turn              (no ring)

@: berserking, engulfed (cannot breathe), very quick
A: antennae 1, claws 1, clever 1, mutation resistance 1
a: no special abilities


You were in the Dungeon.
You were not hungry.

You visited 1 branch You collected 19 gold pieces.

Inventory:

Armour
 a - a +0 scale mail (worn)
 b - a +0 shield
Scrolls
 d - 2 scrolls of immolation {unknown}
 e - 3 scrolls of identify
 g - 2 scrolls of remove curse {unknown}
 B - a scroll of blinking {@r4}
Potions
 c - 2 potions of might {Str+5 DMG+1d10 | @q3}
 h - 2 potions of magic
 j - 3 potions of mutation {!q}
 H - a potion of haste {@q5}
 Q - a potion of curing {@q2}
Comestibles
 f - a chunk of flesh
 z - 3 rations


   Skills:
 + Level 4.2 Fighting
 + Level 3.9 Armour
 + Level 3.9 Shields
 + Level 3.2 Unarmed Combat


You had 2 spell levels left.
You didn't know any spells.
Your spell library was empty.

Dungeon Overview and Level Annotations

Branches:
Dungeon (1/1)

Altars:


Innate Abilities, Weirdness & Mutations

You have a pair of small antennae on your head.
You have sharp fingernails.
Your mind is acute. (Int +2)
You are somewhat resistant to further mutation.


Message History

You feel yourself moving faster!
You feel mighty!
* * * LOW HITPOINT WARNING * * *
Your lungs strain for air!
The water elemental barely misses you.
You now have 11/45 hp.
You claw the water elemental!
The water elemental is heavily damaged.
* * * LOW HITPOINT WARNING * * *
Your lungs strain for air!
You take 4 damage, and have 7/45 hp.
You scratch the water elemental.
The water elemental is severely damaged.
* * * LOW HITPOINT WARNING * * *
Your lungs strain for air!
The water elemental closely misses you.
You take 5 damage, and have 2/45 hp.
Unknown command.
You closely miss the water elemental.
The water elemental is severely damaged.
You die...

▓▓▓▓▓▓▓▓▓▓ ▓▓▓
.#..'....♣♣♣ ♣.#
.#..#....♣.♣ ♣.#
'####......♣ ♣♣.#
....#....≈♣♣♣♣..###+#+##
....#...≈≈♣.♣.♣.#.......
...(#..≈≈≈≈.♣♣..@.⌠.....
###'#..≈≈≈≈≈≈...#E..####
...†#.≈≈≈≈≈≈....#.⌠.#
....#.≈≈≈≈≈.....#...#
....#.≈≈≈.......#+###
#####.....÷.....#
................#
▓▓▓▓▓▓▓▓▓▓▓▓▓▓▓▓▓ {


You could see a water elemental.

Vanquished Creatures
  A human (D)
  2 oozes (D)
  A phantom (D)
  2 rats (D)
6 creatures vanquished.

Vanquished Creatures (others)
  2 draconian scorchers (D)
  A yaktaur (D)
  6 hellions (D)
9 creatures vanquished.

Grand Total: 15 creatures vanquished

Notes
Turn   | Place    | Note
-------+----------+-------------------------------------------
     0 | D        | Redear the Demonspawn Fighter began the quest for the Orb.
     0 | D        | Reached XP level 1. HP: 18/18 MP: 1/1
    16 | D        | Reached skill level 3 in Armour
    16 | D        | Reached skill level 3 in Shields
    16 | D        | Reached skill level 2 in Unarmed Combat
    22 | D        | Gained mutation: You have a pair of small antennae on your
                  | head. [demonic ancestry]
    22 | D        | Reached XP level 2. HP: 16/24 MP: 2/2
    88 | D        | Killed a hellion
    90 | D        | Killed a hellion
    90 | D        | Killed a hellion
   112 | D        | Killed a hellion
   125 | D        | Killed a white draconian scorcher
   127 | D        | Killed a hellion
   128 | D        | Killed a hellion
   144 | D        | Killed a white draconian scorcher
   170 | D        | Killed a yaktaur
   173 | D        | Gained mutation: Your system is resistant to poisons.
                  | (rPois) [potion of mutation]
   173 | D        | Gained mutation: You are weak. (Str -2) [potion of
                  | mutation]
   173 | D        | Gained mutation: You have large cloven feet. [potion of
                  | mutation]
   174 | D        | Lost mutation: You are weak. (Str -2) [potion of mutation]
   174 | D        | Lost mutation: Your system is resistant to poisons. (rPois)
                  | [potion of mutation]
   174 | D        | Lost mutation: You have large cloven feet. [potion of
                  | mutation]
   174 | D        | Gained mutation: Your mind is acute. (Int +2) [potion of
                  | mutation]
   174 | D        | Gained mutation: You are somewhat resistant to further
                  | mutation. [potion of mutation]
   364 | D        | Reached skill level 4 in Fighting
   364 | D        | Reached skill level 3 in Unarmed Combat
   364 | D        | Gained mutation: You have sharp fingernails. [demonic
                  | ancestry]
   364 | D        | Reached XP level 3. HP: 30/30 MP: 3/3
   373 | D        | Noticed a water elemental
   379 | D        | HP: 2/45 [drowned by a water elemental (5)]
   380 | D        | Drowned by a water elemental

Levels and vault maps discovered:
D:        dungeon_sprint_mu [sprint_mu_entry_forest, sprint_mu_temple_rooms,
          sprint_mu_d1_spiders, sprint_mu_d2_genie, sprint_mu_d3_branching,
          sprint_mu_orc_legion, sprint_mu_elf_gauntlet, sprint_mu_hive_nellie,
          sprint_mu_lair_fedhas, sprint_mu_vaults_butterflies,
          sprint_mu_slime_circle, sprint_mu_shoals_archi,
          sprint_mu_snake_twists, sprint_mu_blade_basic,
          sprint_mu_crypt_fortress, sprint_mu_tomb_spiral,
          sprint_mu_vestibule_basic, sprint_mu_gehenna_hellfire,
          sprint_mu_dis_giant, sprint_mu_tartarus_statrot,
          sprint_mu_cocytus_islands, sprint_mu_zot1]

Skill      XL: |  1  2 |
---------------+-------+-----
Armour         | 3 |  3.9
Shields        | 3 |  3.9
Unarmed Combat | 2 3 |  3.2
Fighting       | 4 |  4.2

Action                   || total
-------------------------++-------
Melee: Unarmed           ||    68
       Punch             ||     1
  Use: Potion            ||     5
Armor: Scale mail        ||    23
Dodge: Dodged            ||    29

Table legend:
 A = Non-vault XP
 B = Vault XP
 C = Vault XP percentage of total XP
 D = Non-vault monster count
 E = Vault monster count
 F = Vault count percentage of total count
                 A         B        C        D         E       F
            +---------+---------+-------+---------+---------+-------
      Total |       0 |      47 | 100.0 |       0 |       6 | 100.0
            +---------+---------+-------+---------+---------+-------
          D |       0 |      47 | 100.0 |       0 |       6 | 100.0
            +---------+---------+-------+---------+---------+-------
